 Dungeon Crawl Stone Soup version 0.31-a0-133-gaae73658be (console) character file.

Game seed: 3896493702617119639

18 Ignak the Ogre Mage (level 2, -6/27 HPs)
             Began as an Ogre Hedge Wizard on June 2, 2023.
             Mangled by a gnoll
             ... wielding a +0 flail
              (9 damage)
             ... on level 1 of the Dungeon.
             The game lasted 00:01:31 (668 turns).

Ignak the Ogre Mage (Ogre Hedge Wizard)              Turns: 668, Time: 00:01:32

Health: -6/27      AC:  3    Str: 13    XL:     2   Next: 66%
Magic:  0/6        EV:  9    Int: 15    God:
Gold:   13         SH:  0    Dex:  8    Spells: 3/8 levels left

rFire   . . .        a - +0 club
rCold   . . .        (no shield)
rNeg    . . .        b - +0 robe
rPois   .            c - +0 hat
rElec   .            (no cloak)
rCorr   .            (gloves unavailable)
SInv    .            (boots unavailable)
Will    .....        (no amulet)
Stlth   +            (no ring)
HPRegen 0.24/turn    (no ring)
MPRegen 0.10/turn

%: no passive effects
@: no status effects
A: large, unfitting armour, tough skin 1
a: no special abilities


You were on level 1 of the Dungeon.
You visited 1 branch of the dungeon, and saw 1 of its levels.

You collected 13 gold pieces.

Inventory:

Hand Weapons
 a - a +0 club (weapon)
Armour
 b - a +0 robe (worn)
 c - a +0 hat (worn)
Scrolls
 e - a scroll of teleportation {unknown}
Potions
 d - a potion of magic
 f - 2 potions of brilliance {unknown}
 g - a potion of invisibility {unknown}


   Skills:
 + Level 1.0 Fighting
 + Level 0.2 Maces & Flails
 + Level 2.0 Dodging
 - Level 1.4 Stealth
 + Level 0.2 Unarmed Combat
 + Level 3.8 Spellcasting
 + Level 1.2 Conjurations
 - Level 0.8 Summonings
 + Level 1.1 Translocations


You had 3 spell levels left.
You knew the following spells:

 Your Spells              Type           Power      Damage    Failure   Level
a - Magic Dart            Conj           24%        1d4       11%         1
b - Blink                 Tloc           12%        N/A       17%         2
e - Call Imp              Summ           10%        N/A       21%         2

Your spell library contained the following spells:

 Spells                   Type           Power      Damage    Failure   Level
 Slow                     Hex            8%         N/A       19%         1
 Cigotuvi's Dreadful Rot  Necr/Pois/Air  4%         N/A       28%         2
 Stone Arrow              Conj/Erth      8%         3d7       41%         3
 Mephitic Cloud           Conj/Pois/Air  4%         N/A       43%         3
 Animate Armour           Summ/Erth      8%         N/A       83%         4
 Lehudib's Crystal Spear  Conj/Erth      2%         10d2      100%        8


Dungeon Overview and Level Annotations

Branches:
Dungeon (1/15)

Altars:


Innate Abilities, Weirdness & Mutations

You are too large for most types of armour.
You have tough skin. (AC +1)


Message History

Your cerulean imp closely misses the gnoll.
The gnoll hits your cerulean imp with a +0 flail!
Your cerulean imp dies!
Your cerulean imp disappears in a puff of smoke!
Casting: Call Imp (safe; 21% risk of failure)
Confirm with . or Enter, or press ? or * to list all spells.
A tiny devil pulls itself out of the air.
The gnoll attacks as you move away! The gnoll closely misses you.
Your cerulean imp barely misses the gnoll.
You hit the gnoll.
The gnoll is moderately wounded.
Your cerulean imp completely misses the gnoll.
The gnoll barely misses you.
You hit the gnoll but do no damage.
The gnoll is moderately wounded.
Your cerulean imp closely misses the gnoll.
The gnoll hits you with a +0 flail!
The goblin hits your cerulean imp but does no damage.
Your cerulean imp misses the gnoll.
You hit the gnoll.
The gnoll is severely wounded.
The goblin hits your cerulean imp with a +0 club.
The gnoll hits you with a +0 flail!
* * * LOW HITPOINT WARNING * * *
Your cerulean imp hits the gnoll but does no damage.
The gnoll attacks as you move away! The gnoll barely misses you.
The goblin barely misses your cerulean imp.
Your cerulean imp hits the gnoll but does no damage.
Press: ? - help, v - describe, . - travel
Here: a gnoll, wielding a +0 flail (severely wounded, ally target)
The floor, spattered with blood.
Casting: Call Imp (safe; 21% risk of failure)
Confirm with . or Enter, or press ? or * to list all spells.
Aiming: Magic Dart (safe; 11% risk of failure)
Press: ? - help, Shift-Dir - straight line, f - gnoll
Aim: a gnoll, wielding a +0 flail (severely wounded, ally target, 100% to hit)
The magic dart hits the gnoll.
The gnoll is almost dead.
The gnoll hits you with a +0 flail!
You die...

#### P# ####..## #~P .......###
#.~~ .........######## ..~~♣
......##........###
########.P~~♣
......#########.@g###...>....P~♣
.........# ###.g5.........P~♣♣
......##. ###...........P~~
#...### .### #...#####.#...~~P
#.#)# ..# #.### #.###...P #.#.#
.. #g# #).# #.. #.#.#####
#.###.# ##†.###### ..#.....##
#..##.######......... ........>#
##.##.....gg...######


You could see a gnoll (ally target), a goblin and a friendly cerulean imp
(summoned).

Vanquished Creatures
  4 endoplasms (D:1)
  A goblin (D:1)
  2 quokkas (D:1)
  A ball python (D:1)
  A frilled lizard (D:1)
  A kobold (D:1)
  2 rats (D:1)
12 creatures vanquished.

Vanquished Creatures (collateral kills)
  A bat (D:1)
  An endoplasm (D:1)
  A goblin (D:1)
  2 rats (D:1)
5 creatures vanquished.

Grand Total: 17 creatures vanquished

Notes
Turn   | Place    | Note
-------+----------+-------------------------------------------
     0 | D:1      | Ignak the Ogre Hedge Wizard began the quest for the Orb.
     0 | D:1      | Reached XP level 1. HP: 16/16 MP: 5/5
   134 | D:1      | Reached skill level 1 in Conjurations
   134 | D:1      | Reached skill level 1 in Translocations
   388 | D:1      | Reached XP level 2. HP: 8/26 MP: 4/6
   397 | D:1      | Learned a level 2 spell: Blink
   400 | D:1      | Learned a level 2 spell: Call Imp
   512 | D:1      | Reached skill level 1 in Fighting
   668 | D:1      | Mangled by a gnoll

Illustrated notes

Levels and vault maps discovered:
D:1:      roderic_octagonal_star, layout_rooms, serial_bayou_pond_c

Skill      XL: |  1  2 |
---------------+-------+-----
Conjurations   | 1 |  1.2
Translocations | 1 |  1.1
Dodging        | 2 |  2.0
Fighting       | 1 |  1.0
Maces & Flails | |  0.2
Stealth        | |  1.4
Unarmed Combat | |  0.2
Spellcasting   | |  3.8
Summonings     | |  0.8

Action                     || total
---------------------------++-------
  Melee: Dagger            ||    33
         Unarmed           ||    10
         Club              ||    18
   Cast: Magic Dart        ||    13
         Call Imp          ||     5
         Blink             ||     1
   Stab: Sleeping          ||     1
 Armour: Robe              ||    29
  Dodge: Dodged            ||    34

Table legend: (Time is in decaauts)
 A = Elapsed time spent in this place.
 B = Non-inter-level travel time spent in this place.
 C = Inter-level travel time spent in this place.
 D = Time resting spent in this place.
 E = Time spent auto-exploring this place.
 F = Levels seen in this place.
 G = Mean time per level.
                   A        B        C        D        E       F      G
               +--------+--------+--------+--------+--------+-----+--------+
         Total |    672 |    672 |      0 |    186 |    254 |   1 |  672.0 |
       Dungeon |    672 |    672 |      0 |    186 |    254 |   1 |  672.0 |
               +--------+--------+--------+--------+--------+-----+--------+

Top non-repeatable levels by time:
     D:1: 672 daAuts
